 Dungeon Crawl Stone Soup version 0.29-a0-994-gc5c9f59d18 (webtiles) character file.

Game seed: 8324918817370982173

31 drugrobin the Chopper (level 2, 0/25 HPs)
             Began as a Demigod Fighter on Aug 3, 2022.
             Slain by a kobold
             ... wielding a +0 quarterstaff
              (3 damage)
             ... on level 2 of the Dungeon.
             The game lasted 00:01:35 (855 turns).

drugrobin the Chopper (Demigod Fighter)              Turns: 855, Time: 00:01:35

Health: 0/25       AC:  8    Str: 17    XL:     2   Next: 90%
Magic:  4/4        EV:  6    Int: 10    God:
Gold:   122        SH:  4    Dex: 13    Spells: 1/1 levels left

rFire   . . .      SeeInvis .   a - +0 war axe
rCold   . . .      Faith    .   c - +0 buckler
rNeg    . . .      Spirit   .   h - +0 chain mail
rPois   .          Reflect  .   (no helmet)
rElec   .          Harm     .   (no cloak)
rCorr   .          Rampage  .   (no gloves)
Will    .....                   (no boots)
Stlth   ..........              (no amulet)
HPRegen 0.08/turn               (no ring)
MPRegen 0.09/turn               (no ring)

@: no status effects
A: high MP 1, forlorn, divine attributes
a: no special abilities


You were on level 2 of the Dungeon.
You visited 1 branch of the dungeon, and saw 2 of its levels.

You collected 122 gold pieces.

Inventory:

Hand Weapons
 a - a +0 war axe (weapon)
Armour
 b - a +0 scale mail
 c - a +0 buckler (worn)
 h - a +0 chain mail (worn)
Scrolls
 e - a scroll of teleportation {unknown}
 f - a scroll of enchant weapon {unknown}
 g - a scroll of identify {unknown}
 k - a scroll of vulnerability {unknown}
Potions
 d - a potion of might
 i - a potion of lignification {unknown}
 j - a potion of curing {unknown}


   Skills:
 - Level 2.6 Fighting
 + Level 3.2 Axes
 - Level 2.6 Armour
 - Level 2.6 Shields


You had one spell level left.
You didn't know any spells.
Your spell library contained the following spells:

 Spells                   Type           Power      Damage    Failure   Level
 Freeze                   Ice            0%         1d3       100%        1
 Frozen Ramparts          Ice            0%         1d8       100%        3
 Hailstorm                Conj/Ice       0%         3d3       100%        4


Dungeon Overview and Level Annotations

Branches:
Dungeon (2/15)


Innate Abilities, Weirdness & Mutations

You have an increased reservoir of magic. (+10% MP)
You shall have no god before yourself.
Your divine heritage dramatically boosts your attributes as you level up.


Message History

You throw a stone. The stone closely misses the kobold.
The kobold throws a stone.
The stone hits you but does no damage.
Unknown command.
Throw: 2 stones
Press: ? - help, Q - select action Shift-Dir - straight line, f/p - kobold
Aim: a kobold, wielding a +0 quarterstaff and quivering stones (moderately wounded, 50% to hit)
You throw a stone. The stone barely misses the kobold.
Unknown command.
Unknown command.
Unknown command.
Unknown command.
Throw: stone
Press: ? - help, Q - select action Shift-Dir - straight line, f/p - kobold
Aim: a kobold, wielding a +0 quarterstaff and quivering stones (moderately wounded, 50% to hit)
You throw a stone.
The stone hits the kobold but does no damage.
The kobold is moderately wounded.
The kobold throws a stone.
The stone hits you but does no damage.
Unknown command.
Unknown command.
The kobold hits you with a +0 quarterstaff.
You barely miss the kobold.
The kobold is moderately wounded.
The kobold hits you with a +0 quarterstaff!
* * * LOW HITPOINT WARNING * * *
You barely miss the kobold.
The kobold is moderately wounded.
The kobold hits you with a +0 quarterstaff.
* * * LOW HITPOINT WARNING * * *
Unknown command.
Unknown command.
Press: ? - help, v - describe, . - travel
Here: a kobold, wielding a +0 quarterstaff and quivering stones (moderately wounded)
The floor.
Unknown command.
You barely miss the kobold.
The kobold is moderately wounded.
The kobold hits you but does no damage.
The kobold hits you with a +0 quarterstaff.
You die...

## #.
#.###+######
#...........
#>..........
#.@.#.######
#.K.#.....
#...###.###
#####.#........
#.....#...#.###
#.).......#
#........##.#.
#....††.......#
#......#.##.###


You could see a kobold.

Vanquished Creatures
  An adder (D:2)
  2 endoplasms (D:1)
  A giant cockroach (D:1)
  2 goblins (D:1)
  2 hobgoblins
  A quokka (D:1)
  4 ball pythons
  4 bats
  A frilled lizard (D:2)
  3 rats (D:1)
21 creatures vanquished.

Notes
Turn   | Place    | Note
-------+----------+-------------------------------------------
     0 | D:1      | drugrobin the Demigod Fighter began the quest for the Orb.
     0 | D:1      | Reached XP level 1. HP: 18/18 MP: 3/3
     9 | D:1      | Noticed an electric eel
    53 | D:1      | Reached skill level 2 in Axes
   374 | D:1      | Reached XP level 2. HP: 22/25 MP: 4/4
   785 | D:2      | Reached skill level 3 in Axes
   855 | D:2      | Slain by a kobold

Illustrated notes

Levels and vault maps discovered:
D:1:      arrival_aquarium_a, layout_rooms, ebering_ecumenical_altar_webs,
          minmay_hexomino_r4
D:2:      layout_basic, uniq_natasha, uniq_crazy_yiuf_cottage, uniq_sigmund,
          uniq_jessica

Skill      XL: |  1  2 |
---------------+-------+-----
Axes           | 2 3 |  3.2
Fighting       | |  2.6
Armour         | |  2.6
Shields        | |  2.6

Action                   || total
-------------------------++-------
Melee: War axe           ||    61
Throw: Stone             ||     6
Armor: Scale mail        ||    13
       Chain mail        ||    19
Dodge: Dodged            ||    27
Block: Buckler           ||    14

Table legend: (Time is in decaauts)
 A = Elapsed time spent in this place.
 B = Non-inter-level travel time spent in this place.
 C = Inter-level travel time spent in this place.
 D = Time resting spent in this place.
 E = Time spent auto-exploring this place.
 F = Levels seen in this place.
 G = Mean time per level.
                   A        B        C        D        E       F      G
               +--------+--------+--------+--------+--------+-----+--------+
         Total |    881 |    856 |     25 |      0 |    636 |   2 |  440.5 |
       Dungeon |    881 |    856 |     25 |      0 |    636 |   2 |  440.5 |
               +--------+--------+--------+--------+--------+-----+--------+

Top non-repeatable levels by time:
     D:1: 762 daAuts
     D:2: 118 daAuts
